[Event "Late-Titled-Tuesday-Blitz-March-12-2024"]
[Site "Chess.com"]
[Date "2024.03.12"]
[Round "6"]
[White "WhiteKnight2612"]
[Black "Perecke"]
[Result "0-1"]
[WhiteElo "2827"]
[BlackElo "2623"]
[TimeControl "180+1"]
[EndTime "15:03:20 PDT"]
[Termination "Perecke won by resignation"]

1. e4 c5 2. Nf3 e6 3. d4 cxd4 4. Nxd4 Nc6 5. Nc3 Qc7 6. Ndb5 Qb8 7. a4 a6 8. Na3 Nf6 9. Bd3 Bd6 10. h3 O-O 11. O-O Bc7 12. f4 e5 13. f5 Nd4 14.
Nc4 b5 15. Bg5 bxc4 16. Bxf6 gxf6 17. Nd5 Bd8 18. Bxc4 Bb7 19. Ra3 Bxd5 20. Bxd5 Qxb2 21. Rg3+ Kh8 22. Bxa8 Qxc2 23. Qxc2 Nxc2 24. Bd5 Bb6+ 25. Kh2 Ne3 26. Rb1 Bd4 27. Ba2 h5 28. Rb7 Nf1+ 29.
Kh1 Nxg3+ 30. Kh2 h4 31. a5 Rc8 32. Bxf7 Nf1+ 33. Kh1 Rc1 34. g4 Ng3+ 35. Kg2 Rc2+ 0-1

[Event "Late-Titled-Tuesday-Blitz-March-12-2024"]
[Site "Chess.com"]
[Date "2024.03.12"]
[Round "6"]
[White "hblanco"]
[Black "PNEPaul"]
[Result "1-0"]
[WhiteElo "2690"]
[BlackElo "1955"]
[TimeControl "180+1"]
[EndTime "15:03:29 PDT"]
[Termination "hblanco won on time"]

1. e4 e5 2. Nf3 Nc6 3. d4 exd4 4. Nxd4 Be7 5. Nc3 d6 6. Bb5 Bd7 7. O-O Nf6 8. Re1 O-O 9. Bf1 Nxd4 10. Qxd4 c6 11. Bf4 c5 12. Qd2 Bc6 13. Rad1 Ne8 14. a4 a6 15. Bc4 Bf6 16. Nd5 Bxd5 17. Bxd5 Rb8 18. c3 b5 19. axb5 axb5 20. Ra1 h6 21.
Ra6 Be5 22. Rea1 Nf6 23. Bc6 Bxf4 24. Qxf4 d5 25. e5 Qc7 26. g3 Ne4 27. Bxd5 Ng5 28. Bg2 Ne6 29. Qe3 Rbd8 30. h4 1-0

[Event "Late-Titled-Tuesday-Blitz-March-12-2024"]
[Site "Chess.com"]
[Date "2024.03.12"]
[Round "6"]
[White "yaguigor"]
[Black "scarabee43"]
[Result "0-1"]
[WhiteElo "2614"]
[BlackElo "2844"]
[TimeControl "180+1"]
[EndTime "15:03:32 PDT"]
[Termination "scarabee43 won by resignation"]

1. e4 c5 2. Nf3 e6 3. d4 cxd4 4.
Nxd4 Nc6 5. Nc3 Qc7 6. Be3 a6 7. Qd2 Nf6 8. f4 b5 9. e5 b4 10. exf6 bxc3 11. bxc3 gxf6 12. Nxc6 Qxc6 13. Rb1 f5 14. Qd4 Rg8 15. Rb6 Qc7 16. Qc4 Qxc4 17. Bxc4 Rxg2 18. Rg1 Rxg1+ 19. Bxg1 d5 20. Be2 Be7 21. c4 Bd8 22. Rb3 dxc4 23. Bxc4 Bd7 24. Rh3 Rb8 25. Bd4 Rb4 26. Rc3 Ba5 27. Kf2 Ra4 0-1

[Event "Late-Titled-Tuesday-Blitz-March-12-2024"]
[Site "Chess.com"]
[Date "2024.03.12"]
[Round "6"]
[White "Heydarli77"]
[Black "RebelJohnny"]
[Result "1-0"]
[WhiteElo "2408"]
[BlackElo "2535"]
[TimeControl "180+1"]
[EndTime "15:03:40 PDT"]
[Termination "Heydarli77 won by resignation"]

1. d4 d5 2. c4 dxc4 3. e3 e5 4. Nf3 exd4 5. Qxd4 Nc6 6. Qxd8+ Nxd8 7. Bxc4 Be6 8.
Bxe6 Nxe6 9. Nc3 Nf6 10. Ke2 Bb4 11. Bd2 O-O-O 12. Rhd1 Rhe8 13. Kf1 Nc5 14. Nb5 Bxd2 15. Rxd2 Nfe4 16. Rxd8+ Rxd8 17. Ne1 Rd2 18. f3 Nf6 19. b4 Ne6 20. Nxa7+ Kb8 21. Nb5 Nd5 22. e4 Ne3+ 23. Kg1 Rxg2+ 24. Kh1 Nf4 25. Nd4 h5 26. Nxg2 Nfxg2 27. Rg1 1-0

[Event "Late-Titled-Tuesday-Blitz-March-12-2024"]
[Site "Chess.com"]
[Date "2024.03.12"]
[Round "6"]
[White "Cmorales2001"]
[Black "miraitrunks"]
[Result "1-0"]
[WhiteElo "2372"]
[BlackElo "2169"]
[TimeControl "180+1"]
[EndTime "15:03:46 PDT"]
[Termination "Cmorales2001 won by resignation"]

1. e4 c5 2. Nf3 d6 3. Bb5+ Bd7 4. Bxd7+ Qxd7 5. O-O g6 6. Re1 Bg7 7. c3 Nf6 8. d4 cxd4 9. cxd4 O-O 10. Nc3 Nc6 11.
Bf4 a6 12. Qd2 b5 13. Bh6 b4 14. Nd5 Nxd5 15. exd5 Na7 16. Bxg7 Kxg7 17. Qxb4 Rfb8 18. Qd2 Nb5 19. Qg5 Re8 20. Re4 h6 21. Qe3 Nc7 22.
Rh4 h5 23. Qe4 Rab8 24. b4 Rxb4 25. Re1 Rb5 26. h3 Nxd5 27. a4 Nf6 28. Qf4 Rf5 29.
Qd2 Qxa4 30. d5 Rxd5 31. Rxa4 Rxd2 32. Nxd2 1-0

[Event "Late-Titled-Tuesday-Blitz-March-12-2024"]
[Site "Chess.com"]
[Date "2024.03.12"]
[Round "6"]
[White "MaiqMaster"]
[Black "finec2"]
[Result "1-0"]
[WhiteElo "2417"]
[BlackElo "2201"]
[TimeControl "180+1"]
[EndTime "15:03:50 PDT"]
[Termination "MaiqMaster won by resignation"]

1. e4 c5 2. Nc3 Nc6 3. Bb5 Nd4 4. Nf3 a6 5. Bd3 b5 6. Nxd4 cxd4 7. Ne2 e5 8. O-O Nf6 9. f4 d6 10. c3 dxc3 11.
bxc3 Be7 12. Bc2 O-O 13. d4 Bb7 14. Ng3 exd4 15. cxd4 d5 16. e5 Ne4 17. Nxe4 dxe4 18.
Be3 f5 19. Bb3+ Kh8 20. d5 Bb4 21. a3 Ba5 22. d6 Bb6 23. Qe2 Bxe3+ 24. Qxe3 Re8 25.
Rac1 Bc8 26. Rc7 Be6 27. Bxe6 Rxe6 28. Rfc1 h6 29. Qg3 Qe8 30. d7 Qf8 31. Rc8 1-0

[Event "Late-Titled-Tuesday-Blitz-March-12-2024"]
[Site "Chess.com"]
[Date "2024.03.12"]
[Round "6"]
[White "GHANDEEVAM2003"]
[Black "AlexeiShirov"]
[Result "1-0"]
[WhiteElo "3091"]
[BlackElo "2867"]
[TimeControl "180+1"]
[EndTime "15:03:54 PDT"]
[Termination "GHANDEEVAM2003 won by resignation"]

1. a3 e5 2. c4 Nf6 3. e3 Nc6 4.
Nc3 g6 5. b4 Bg7 6. Bb2 O-O 7. g4 d5 8. g5 Ne4 9. cxd5 Nxc3 10.
dxc3 Ne7 11. c4 Nf5 12. h4 a5 13. Nf3 Qe7 14. b5 Re8 15. e4 Nd4 16. Nxd4 exd4 17. Bd3 f5 18. gxf6 Qxf6 19. Qe2 Bh6 20. h5 Bf4 21.
hxg6 hxg6 22. Kd1 c6 23. Kc2 cxd5 24. cxd5 Bd7 25. Rag1 Rac8+ 26. Kb1 Kg7 27. e5 Rxe5 28. Bxd4 Bf5 29. Bxe5 Qxe5 30. Qxe5+ 1-0

[Event "Late-Titled-Tuesday-Blitz-March-12-2024"]
[Site "Chess.com"]
[Date "2024.03.12"]
[Round "6"]
[White "shirovin"]
[Black "rikchessmx"]
[Result "1-0"]
[WhiteElo "2060"]
[BlackElo "2268"]
[TimeControl "180+1"]
[EndTime "15:03:55 PDT"]
[Termination "shirovin won by checkmate"]

1. e4 d5 2. exd5 Qxd5 3. Nc3 Qa5 4. d4 Nf6 5. Bc4 Nc6 6. Nf3 Bg4 7. h3 Qh5 8. Be3 e6 9. Be2 O-O-O 10. Qd2 Bb4 11. a3 Bxc3 12. Qxc3 Nd5 13. Qd2 f5 14. O-O-O Bxf3 15.
Bxf3 Qf7 16. Rhe1 f4 17. Bxd5 fxe3 18. Bxe6+ Qxe6 19. fxe3 Qa2 20. c3 Ne5 21. Qc2 Nc4 22.
e4 Rhf8 23. e5 Rde8 24. Re2 g6 25. Rde1 Qa1+ 26. Qb1 Qxb1+ 27. Kxb1 a5 28. Kc2 a4 29.
Kd3 b5 30. d5 Kd7 31. e6+ Kd6 32.
Kd4 Rf4+ 33. Re4 Rxe4+ 34. Rxe4 Nxb2 35. Rh4 Re7 36. Rf4 Nc4 37. Rf8 Nxa3 38. Rd8+ Rd7 39.
Rxd7# 1-0

[Event "Late-Titled-Tuesday-Blitz-March-12-2024"]
[Site "Chess.com"]
[Date "2024.03.12"]
[Round "6"]
[White "Willhaven3"]
[Black "IraZyne"]
[Result "1-0"]
[WhiteElo "2624"]
[BlackElo "2342"]
[TimeControl "180+1"]
[EndTime "15:03:58 PDT"]
[Termination "Willhaven3 won by resignation"]

1. e4 Nf6 2. e5 Nd5 3. c4 Nb6 4. d4 d6 5. exd6 exd6 6. Nc3 Be7 7. Nf3 Bg4 8. Be2 c6 9. O-O O-O 10. Be3 Bxf3 11. gxf3 d5 12. b3 Bf6 13. Kh1 N8d7 14.
Qd2 Re8 15. Rg1 Nf8 16. f4 Qd7 17. Bg4 Qe7 18. c5 Nc8 19. Rg3 Qc7 20. Rag1 Ne7 21.
Ne2 b6 22. b4 bxc5 23. dxc5 a5 24. a3 axb4 25. axb4 Ra1 26. Bd4 Rxg1+ 27. Rxg1 Bxd4 28.
Nxd4 g6 29. f5 Qe5 30. Re1 Qf6 31. Qf4 h5 32. Bh3 g5 33. Qe5 Qxe5 34. Rxe5 f6 35. Re3 Kf7 36. b5 cxb5 37. Nxb5 Rc8 38. Nd6+ 1-0

[Event "Late-Titled-Tuesday-Blitz-March-12-2024"]
[Site "Chess.com"]
[Date "2024.03.12"]
[Round "6"]
[White "Bongcloudtransvestit"]
[Black "Vesapesa"]
[Result "1-0"]
[WhiteElo "2444"]
[BlackElo "2203"]
[TimeControl "180+1"]
[EndTime "15:03:59 PDT"]
[Termination "Bongcloudtransvestit won by resignation"]

1. Nf3 d5 2. d4 Nf6 3. c4 e6 4. g3 dxc4 5. Bg2 Bb4+ 6. Nbd2 O-O 7. Qc2 c5 8. dxc5 Bxc5 9. O-O Nc6 10. Ne4 Nxe4 11.
Qxe4 h6 12. Qxc4 b6 13. Bf4 Bb7 14. Rad1 Qe7 15. a3 e5 16. Bc1 e4 17. Nh4 Rfe8 18. b4 Bd6 19. Nf5 Qf6 20. Nxd6 Re7 21. Nxb7 Rxb7 22. Bxe4 Rc8 23. Bxc6 Rxc6 24. Qe4 Rbc7 25.
Bb2 Qg5 26. h4 1-0

[Event "Late-Titled-Tuesday-Blitz-March-12-2024"]
[Site "Chess.com"]
[Date "2024.03.12"]
[Round "6"]
[White "Bugcrusher"]
[Black "ArtemDyachuk"]
[Result "0-1"]
[WhiteElo "2532"]
[BlackElo "2692"]
[TimeControl "180+1"]
[EndTime "15:04:04 PDT"]
[Termination "ArtemDyachuk won by resignation"]

1. e4 e5 2. Nf3 Nc6 3. c3 Nf6 4. d4 exd4 5. e5 Nd5 6. Bc4 Nb6 7. Bb3 d6 8. exd6 Bxd6 9. cxd4 Bg4 10. Be3 O-O 11. h3 Bh5 12. O-O h6 13. Nc3 Re8 14.
Re1 Qf6 15. g4 Bg6 16. Kg2 Nb4 17. Qd2 Nd3 18. Re2 Re4 19. Nd5 Nxd5 20. Bxd5 Rf4 21.
Ne5 Bxe5 22. dxe5 Qxe5 23. Bxf4 Nxf4+ 24. Kf1 Nxe2 25. Re1 Qd4 26. Rxe2 Bd3 27. Kg1 Qxd5 28. Re3 Rd8 0-1

[Event "Late-Titled-Tuesday-Blitz-March-12-2024"]
[Site "Chess.com"]
[Date "2024.03.12"]
[Round "6"]
[White "CrushingKings"]
[Black "Kostukov_Alex"]
[Result "1-0"]
[WhiteElo "2591"]
[BlackElo "2300"]
[TimeControl "180+1"]
[EndTime "15:04:07 PDT"]
[Termination "CrushingKings won by resignation"]

1. Nf3 g6 2. d4 Bg7 3. g3 d6 4. Bg2 Nf6 5. b3 O-O 6. Bb2 c6 7. O-O Nbd7 8. c4 Qc7 9. Nc3 a6 10. Rc1 e5 11. dxe5 dxe5 12. Qc2 Nc5 13. Ba3 Bf5 14.
Qb2 b6 15. Nh4 Be6 16. b4 Ncd7 17. b5 Nc5 18. Bxc6 Rac8 19. Nd5 Nxd5 20. cxd5 Bh3 21. Rfd1 e4 22. Qb1 g5 23. Ng2 Bf5 24. Ne3 Bg6 25. d6 Qd8 26. d7 Rc7 27. Bxc5 bxc5 28. Nd5 f5 29. Nxc7 Qxc7 30. Qb3+ Kh8 31. b6 Qb8 32. Qd5 f4 33. d8=Q 1-0

[Event "Late-Titled-Tuesday-Blitz-March-12-2024"]
[Site "Chess.com"]
[Date "2024.03.12"]
[Round "6"]
[White "Jospem"]
[Black "mbojan"]
[Result "1-0"]
[WhiteElo "3117"]
[BlackElo "2888"]
[TimeControl "180+1"]
[EndTime "15:04:08 PDT"]
[Termination "Jospem won by resignation"]

1. e4 a6 2. c4 c5 3. Nc3 e6 4. d3 Nc6 5. g3 g6 6. Bg2 Bg7 7. Nge2 d6 8. Be3 Nd4 9. O-O Ne7 10. Qd2 O-O 11. Bh6 Nec6 12. Bxg7 Kxg7 13. Rab1 b6 14. a3 a5 15. Nxd4 Nxd4 16. f4 Ra7 17.
Rbe1 f6 18. h4 h6 19. Ne2 e5 20. Nxd4 cxd4 21. Kh2 Raf7 22. b4 axb4 23. axb4 Ra7 24. Rf2 Rff7 25. Ref1 Qf8 26. Qe2 Qh8 27. Bh3 Bxh3 28.
Kxh3 Qc8+ 29. f5 g5 30. Qh5 Qh8 31. Rc1 Qh7 32. c5 bxc5 33. bxc5 dxc5 34. Rxc5 Rac7 35.
Rfc2 Rxc5 36. Rxc5 Re7 37. Rc6 Rf7 38. Kg4 gxh4 39.
Kxh4 Kf8 40. Rc8+ Ke7 41. Qg6 h5 42. Qxh7 1-0

[Event "Late-Titled-Tuesday-Blitz-March-12-2024"]
[Site "Chess.com"]
[Date "2024.03.12"]
[Round "6"]
[White "Lady_Nika"]
[Black "manitodeplomo"]
[Result "1-0"]
[WhiteElo "2580"]
[BlackElo "2692"]
[TimeControl "180+1"]
[EndTime "15:04:09 PDT"]
[Termination "Lady_Nika won on time"]

1. e4 e6 2. d4 d5 3. exd5 Qxd5 4.
Nf3 c5 5. c4 Qd6 6. d5 Nf6 7.
Nc3 a6 8. g3 exd5 9. cxd5 b5 10.
Bf4 Qb6 11. Qe2+ Kd8 12. Ne5 Ra7 13. d6 Bxd6 14. O-O-O Re8 15. Qd2 Re6 16. Bh3 Ke7 17.
Bxe6 Bxe6 18. Qxd6+ Qxd6 19. Rxd6 Kxd6 20. Ng4+ Ke7 21.
Nxf6 Nc6 22. Nfd5+ Kf8 23. Bd6+ Kg8 24. Bxc5 Rd7 25.
Rd1 h6 26. Nf4 Rxd1+ 27. Kxd1 Bg4+ 28. Kc2 Ne5 29. h4 Bf5+ 30. Kd1 g5 31. hxg5 hxg5 32.
Nfd5 Kh7 33. Bd4 Nf3 34. Be3 Be6 35. Nc7 Bc4 36. Nxa6 1-0

[Event "Late-Titled-Tuesday-Blitz-March-12-2024"]
[Site "Chess.com"]
[Date "2024.03.12"]
[Round "6"]
[White "Alphafischer2019"]
[Black "SamuraisOfChess"]
[Result "1-0"]
[WhiteElo "2745"]
[BlackElo "2575"]
[TimeControl "180+1"]
[EndTime "15:04:14 PDT"]
[Termination "Alphafischer2019 won by resignation"]

1. Nf3 Nf6 2. g3 d5 3. Bg2 g6 4.
O-O Bg7 5. c4 O-O 6. cxd5 Nxd5 7. Nc3 Nb6 8. b3 c6 9. Bb2 N8d7 10.
Qc1 e5 11. d3 Nc5 12. Qc2 Ne6 13. Ne4 Qc7 14. Rac1 f5 15. Ned2 h6 16. b4 Qd6 17.
a3 Kh7 18. Rfd1 a5 19. Nc4 Nxc4 20. dxc4 Qc7 21. c5 axb4 22. axb4 Bd7 23. Bxe5 Bxe5 24. Nxe5 Be8 25. Nc4 Bf7 26. Nd6 Bg8 27. h4 Ng7 28. b5 Ra2 29. Qd3 Qe7 30. e3 Qc7 31. Ra1 Rfa8 32.
Rxa2 Rxa2 33. h5 Nxh5 34. Nxf5 cxb5 35. Qxb5 Be6 36. Nd4 Bf7 37. Qxb7 Qxb7 38. Bxb7 Nf6 39. Bf3 g5 40. c6 g4 41. c7 1-0

[Event "Late-Titled-Tuesday-Blitz-March-12-2024"]
[Site "Chess.com"]
[Date "2024.03.12"]
[Round "6"]
[White "VojtechPlat"]
[Black "SpeedofLight0"]
[Result "0-1"]
[WhiteElo "2865"]
[BlackElo "3087"]
[TimeControl "180+1"]
[EndTime "15:04:16 PDT"]
[Termination "SpeedofLight0 won by resignation"]

1. e4 Nc6 2. Nf3 d6 3. d4 Nf6 4. Nc3 g6 5. h3 Bg7 6. Be3 O-O 7.
Qd2 e5 8. dxe5 Nxe5 9. Nxe5 dxe5 10. Bd3 c6 11. O-O-O Qe7 12. Bh6 Rd8 13. Bxg7 Kxg7 14. g4 Be6 15. Kb1 b5 16. Qe3 a5 17. Ne2 a4 18.
Ng3 a3 19. b3 Nd7 20. Nf5+ gxf5 21. gxf5 Bc4 22. Rhg1+ Kh8 23. bxc4 Qb4+ 24. Kc1 Nc5 25. Rd2 Qb2+ 26. Kd1 Nxd3 27. Qg5 Nxf2+ 28. Ke2 Rxd2+ 29. Qxd2 Nxe4 30. Qd3 Qd4 0-1

[Event "Late-Titled-Tuesday-Blitz-March-12-2024"]
[Site "Chess.com"]
[Date "2024.03.12"]
[Round "6"]
[White "HajiyevKanan"]
[Black "Misterfox120"]
[Result "0-1"]
[WhiteElo "2515"]
[BlackElo "2395"]
[TimeControl "180+1"]
[EndTime "15:04:17 PDT"]
[Termination "Misterfox120 won on time"]

1. d4 d5 2. Nf3 Nf6 3. c4 c6 4.
Nc3 e6 5. cxd5 exd5 6. Bg5 Be7 7. Qc2 g6 8. e3 Bf5 9. Bd3 Bxd3 10. Qxd3 Nbd7 11.
Bh6 Ng4 12. Bf4 Ngf6 13. O-O O-O 14. Rab1 a5 15. a3 a4 16. Qc2 Nb6 17. Ne5 Bd6 18. Rfc1 Re8 19. h3 Qe7 20. b4 Nfd7 21. Nxd7 Qxd7 22.
Bxd6 Qxd6 23. Ra1 Nc4 24. Nxa4 b5 25. Nb2 Nxa3 0-1

[Event "Late-Titled-Tuesday-Blitz-March-12-2024"]
[Site "Chess.com"]
[Date "2024.03.12"]
[Round "6"]
[White "Smiechu"]
[Black "simaopdias"]
[Result "1-0"]
[WhiteElo "2472"]
[BlackElo "2266"]
[TimeControl "180+1"]
[EndTime "15:04:17 PDT"]
[Termination "Smiechu won by resignation"]

1. e4 c5 2. Nf3 g6 3. d4 cxd4 4.
Nxd4 Nc6 5. Nc3 Bg7 6. Be3 Nf6 7. Bc4 Qa5 8. O-O O-O 9. Bb3 d6 10. h3 Bd7 11. Re1 Rfe8 12. Qe2 Rac8 13. Rad1 Ne5 14. f4 Nc6 15. Qc4 Ne5 16. Qe2 Nc6 17. Nxc6 bxc6 18. Bd4 Be6 19. Bxe6 fxe6 20. e5 Nd5 21.
exd6 Bxd4+ 22. Rxd4 Nxc3 23. Qxe6+ Kg7 24. d7 Rcd8 25.
dxe8=Q Rxe8 26. bxc3 Qxc3 27. Qe5+ Kf8 28. Rd8 Qxe5 29.
Rxe8+ 1-0

[Event "Late-Titled-Tuesday-Blitz-March-12-2024"]
[Site "Chess.com"]
[Date "2024.03.12"]
[Round "6"]
[White "WilsonPalencia21"]
[Black "Byniolus"]
[Result "1-0"]
[WhiteElo "2560"]
[BlackElo "2770"]
[TimeControl "180+1"]
[EndTime "15:04:19 PDT"]
[Termination "WilsonPalencia21 won by resignation"]

1. d4 d6 2. Nf3 g6 3. c4 a6 4.
Nc3 e6 5. g3 c6 6. Bg2 f6 7.
O-O b6 8. b3 h6 9. Nh4 Ne7 10.
Ba3 f5 11. e4 Bg7 12. e5 Kf7 13.
exd6 Ng8 14. Nf3 Nd7 15. Re1 Bb7 16. Qe2 Qe8 17. Ne5+ Bxe5 18. dxe5 Rb8 19. c5 b5 20.
h4 h5 21. b4 Nh6 22. Bc1 Kg7 23. a4 Nf7 24. Bf4 Qc8 25. axb5 axb5 26. Ra7 Re8 27.
Rea1 Nd8 28. Qe3 Ra8 29. Rxa8 Bxa8 30. Nxb5 Bb7 31. Nc7 Rh8 32. Bg5 1-0

[Event "Late-Titled-Tuesday-Blitz-March-12-2024"]
[Site "Chess.com"]
[Date "2024.03.12"]
[Round "6"]
[White "Incognizance"]
[Black "Fjal"]
[Result "1/2-1/2"]
[WhiteElo "1838"]
[BlackElo "2301"]
[TimeControl "180+1"]
[EndTime "15:04:20 PDT"]
[Termination "Game drawn by repetition"]

1. d4 d6 2. c4 e5 3. dxe5 dxe5 4. Qxd8+ Kxd8 5. e4 Be6 6. Nc3 c6 7. b3 Kc7 8. Bb2 Bc5 9. f3 Be3 10. Bc1 Bxc1 11. Rxc1 Na6 12. a3 Ne7 13. Bd3 Rad8 14. Bc2 Nc5 15. Nge2 Nd3+ 16. Bxd3 Rxd3 17. O-O Rhd8 18.
Rfd1 a5 19. Rxd3 Rxd3 20. Rd1 Rxd1+ 21. Nxd1 a4 22. bxa4 Bxc4 23. Ndc3 Kb6 24. Kf2 Ka5 25.
Ng3 g6 26. Ke3 Bb3 27. Nge2 Bxa4 28. f4 f6 29. fxe5 fxe5 30. Nc1 Nc8 31. Nd3 Nd6 32. Nxe5 Bc2 33. Nd7 Nc4+ 34. Kd4 Nxa3 35. e5 Bb3 36. Nc5 Nc2+ 37. Kd3 Nb4+ 38. Kd4 Nc2+ 39. Kd3 Nb4+ 40. Kd4 Nc2+ 1/2-1/2

[Event "Late-Titled-Tuesday-Blitz-March-12-2024"]
[Site "Chess.com"]
[Date "2024.03.12"]
[Round "6"]
[White "reevecanada"]
[Black "dropstoneDP"]
[Result "1/2-1/2"]
[WhiteElo "2645"]
[BlackElo "2970"]
[TimeControl "180+1"]
[EndTime "15:04:21 PDT"]
[Termination "Game drawn by repetition"]

1. e4 e5 2. Nf3 Nf6 3. Nxe5 d6 4.
Nxf7 Kxf7 5. Bc4+ Be6 6. Bxe6+ Kxe6 7. O-O c5 8. Re1 Nc6 9. c3 Kf7 10. d4 Be7 11. Qb3+ Kf8 12. d5 Ne5 13. Qc2 c4 14.
Nd2 b5 15. a4 a6 16. h3 Nfd7 17.
b3 Nc5 18. Ba3 Ncd3 19. Re3 Bg5 20. Re2 Kg8 21. bxc4 Nf4 22. Ree1 bxc4 23. g3 Nxh3+ 24. Kg2 Nxf2 25. Kxf2 Qf6+ 26. Kg2 Bxd2 27. Qxd2 Qf3+ 28. Kh3 Qh5+ 29. Kg2 Qf3+ 30. Kh3 Qh5+ 31. Kg2 Qf3+ 1/2-1/2

[Event "Late-Titled-Tuesday-Blitz-March-12-2024"]
[Site "Chess.com"]
[Date "2024.03.12"]
[Round "6"]
[White "Divljasvinja14"]
[Black "waltereador"]
[Result "1-0"]
[WhiteElo "2496"]
[BlackElo "2330"]
[TimeControl "180+1"]
[EndTime "15:04:22 PDT"]
[Termination "Divljasvinja14 won by resignation"]

1. c4 Nf6 2. Nc3 c5 3. Nf3 Nc6 4. d4 cxd4 5. Nxd4 g6 6. e4 d6 7. Be2 Bg7 8. Be3 O-O 9. O-O Bd7 10. Nc2 Rc8 11. f3 a6 12. Qd2 Ne5 13. b3 b5 14.
cxb5 Rxc3 15. Qxc3 Nxe4 16. Qe1 Nc3 17. bxa6 Nxe2+ 18. Qxe2 Qa5 19. a4 Nc6 20. Rab1 Ra8 21. b4 Qxa4 22. b5 Nd8 23. Rb4 Qa2 24. Rfb1 Bc3 25.
R4b3 d5 26. Bd4 Bxd4+ 27. Nxd4 Qxe2 28. Nxe2 Ne6 29. Rc1 Kf8 30. b6 Nd8 31. b7 Nxb7 32. axb7 Rb8 33. Nd4 Ke8 34. Nc6 Bxc6 35. Rxc6 Kd7 36.
Rc8 Rxc8 37. bxc8=Q+ Kxc8 38. Kf2 1-0

[Event "Late-Titled-Tuesday-Blitz-March-12-2024"]
[Site "Chess.com"]
[Date "2024.03.12"]
[Round "6"]
[White "BabageldiAnnaberdiyev"]
[Black "SharathRk6"]
[Result "1-0"]
[WhiteElo "2650"]
[BlackElo "2394"]
[TimeControl "180+1"]
[EndTime "15:04:26 PDT"]
[Termination "BabageldiAnnaberdiyev won by resignation"]

1. e4 e5 2. Nf3 Nc6 3. Bc4 Bc5 4. c3 Nf6 5. d4 exd4 6. cxd4 Bb4+ 7. Nc3 Nxe4 8. O-O Bxc3 9. d5 Bf6 10. Re1 Ne7 11. Rxe4 d6 12. Bg5 Bxg5 13. Nxg5 O-O 14. Nxh7 Bf5 15. Rxe7 Qxe7 16. Nxf8 Rxf8 17. Rc1 Re8 18.
Bf1 Be4 19. Qb3 b6 20. Re1 Qd8 21. Bb5 Re7 22. Qe3 Kf8 23. Qh3 Kg8 24. Qh4 a6 25.
Bc6 Bxd5 26. Qxe7 Qxe7 27. Rxe7 Bxc6 28. Rxc7 Bd5 29. a3 a5 30. Rd7 b5 31. Rxd6 Bc4 32. f4 a4 33. Kf2 Kh7 34. g4 f6 35.
h4 Kg6 36. h5+ Kh6 37. Kg3 Be2 38. Kh4 Kh7 39. Rd7 Kg8 40. Rb7 Bc4 41. g5 fxg5+ 42. Kxg5 Bd3 43. h6 gxh6+ 44. Kxh6 Kf8 45. Kg5 Bc4 46. f5 Bd3 47. Kf6 Ke8 1-0

[Event "Late-Titled-Tuesday-Blitz-March-12-2024"]
[Site "Chess.com"]
[Date "2024.03.12"]
[Round "6"]
[White "SaqoChess_Twitch"]
[Black "KetiTsatsalashvili"]
[Result "1-0"]
[WhiteElo "2653"]
[BlackElo "2462"]
[TimeControl "180+1"]
[EndTime "15:04:31 PDT"]
[Termination "SaqoChess_Twitch won by checkmate"]

1. d4 Nf6 2. c4 e6 3. Nc3 d5 4.
cxd5 exd5 5. Bg5 c6 6. e3 Bg4 7.
Qc2 Nbd7 8. Bd3 Be7 9. h3 Bh5 10. Nge2 Bg6 11. O-O Bxd3 12. Qxd3 O-O 13. Ng3 Re8 14.
Rab1 Ne4 15. Bxe7 Qxe7 16. Ncxe4 dxe4 17. Qb3 Nf6 18. Rbc1 g6 19. f3 Qd6 20. Nxe4 Nxe4 21. fxe4 Qe7 22. e5 Rf8 23. Rf6 Rad8 24. Rcf1 c5 25.
R6f4 cxd4 26. exd4 Kg7 27. Kh2 b6 28. Qe3 Rd7 29.
Rf6 Qd8 30. R1f4 Re7 31. Rh4 h5 32. Rxh5 Rh8 33. Rxh8 Qxh8 34. Qf4 Qd8 35. Rd6 Qc8 36. Qf6+ Kf8 37. Qh8# 1-0

[Event "Late-Titled-Tuesday-Blitz-March-12-2024"]
[Site "Chess.com"]
[Date "2024.03.12"]
[Round "6"]
[White "alexrustemov"]
[Black "masnyszachistaaa"]
[Result "1-0"]
[WhiteElo "2841"]
[BlackElo "2548"]
[TimeControl "180+1"]
[EndTime "15:04:31 PDT"]
[Termination "alexrustemov won by resignation"]

1. d4 Nf6 2. c4 e6 3. Nf3 Bb4+ 4. Bd2 Qe7 5. g3 O-O 6. Bg2 Bxd2+ 7. Qxd2 d6 8. Nc3 e5 9. dxe5 dxe5 10. Nd5 Nxd5 11. cxd5 Bg4 12. O-O Nd7 13. Rac1 Rac8 14. Rc4 Bxf3 15.
Bxf3 Nb6 16. Rc3 f5 17. e4 g6 18. Rfc1 Qd6 19. Qc2 Rf7 20. a4 Qb4 21. exf5 gxf5 22. d6 Qxd6 23. Bxb7 Rd8 24. a5 Nd5 25. Rd3 Qe6 26.
Rcd1 Rfd7 27. Qc4 c6 28. Bxc6 1-0

[Event "Late-Titled-Tuesday-Blitz-March-12-2024"]
[Site "Chess.com"]
[Date "2024.03.12"]
[Round "6"]
[White "Casablanca"]
[Black "The_Machine04"]
[Result "0-1"]
[WhiteElo "2554"]
[BlackElo "2820"]
[TimeControl "180+1"]
[EndTime "15:04:37 PDT"]
[Termination "The_Machine04 won by resignation"]

1. d4 d6 2. c4 e5 3. Nf3 e4 4. Nfd2 f5 5. e3 Nf6 6. Nc3 c5 7. d5 Nbd7 8. Be2 g6 9. f3 exf3 10. Nxf3 Bg7 11. Qc2 O-O 12. e4 fxe4 13. Nxe4 Nxe4 14.
Qxe4 Nf6 15. Qh4 Bf5 16. O-O Re8 17. Re1 Ng4 18. Qxd8 Raxd8 19. Bg5 Rb8 20. Bf1 Bxb2 21. Rad1 Ne5 22. Bf4 Bc3 23. Re3 Nxf3+ 24. Rxf3 Bd4+ 25. Rxd4 cxd4 26. Bxd6 Rbc8 27. c5 Be4 28. Rf4 Bxd5 29. Rxd4 Bxa2 30. Ra4 Bd5 31. Rxa7 Ra8 32. Rxa8 Rxa8 33.
Kf2 Ra2+ 34. Kg3 Kf7 35. h4 Ra3+ 36. Kf2 Ke6 37. Bf8 Ra2+ 38. Kg3 h5 39. Bh6 Ke5 40.
Bg7+ Ke4 41. Bb5 Kf5 42. Bd7+ Be6 43. c6 Bxd7 44. cxb7 Ra3+ 0-1

[Event "Late-Titled-Tuesday-Blitz-March-12-2024"]
[Site "Chess.com"]
[Date "2024.03.12"]
[Round "6"]
[White "Korchmar_Vasiliy"]
[Black "Anton_Demchenko"]
[Result "0-1"]
[WhiteElo "2707"]
[BlackElo "2948"]
[TimeControl "180+1"]
[EndTime "15:04:38 PDT"]
[Termination "Anton_Demchenko won on time"]

1. e4 e5 2. Nf3 Nc6 3. Bc4 Nf6 4. d3 h6 5. O-O d6 6. a4 g6 7. Nc3 Bg7 8. Re1 Be6 9. a5 a6 10.
h3 O-O 11. Be3 Qd7 12. Qd2 Kh7 13. Reb1 Rad8 14. Nd5 Bxd5 15. exd5 Ne7 16. Qb4 Nfxd5 17. Qxb7 Rb8 18. Qxa6 Nb4 19. Qa7 Nec6 20. Qxb8 Rxb8 21. Rc1 e4 22. dxe4 Bxb2 23. Bd2 Bxa1 24. Rxa1 Nxc2 25.
Rc1 N2d4 26. Nxd4 Nxd4 27. a6 c5 28. Be3 Qa4 29. Bxd4 cxd4 30. Bxf7 Qxa6 31. Rc7 Qa5 32. Rd7 Kh8 33. Bxg6 Qg5 34. Bf5 Rb1+ 0-1

[Event "Late-Titled-Tuesday-Blitz-March-12-2024"]
[Site "Chess.com"]
[Date "2024.03.12"]
[Round "6"]
[White "falzehope0"]
[Black "grandcoach"]
[Result "1-0"]
[WhiteElo "2430"]
[BlackElo "2212"]
[TimeControl "180+1"]
[EndTime "15:04:38 PDT"]
[Termination "falzehope0 won on time"]

1. d4 Nf6 2. e3 d5 3. Bd3 Bg4 4. Ne2 c5 5. c3 Nc6 6. f4 g6 7.
Nd2 Bg7 8. O-O O-O 9. Nf3 Ne4 10.
Bxe4 dxe4 11. Ng5 Qd5 12. Qc2 Bxe2 13. Qxe2 h6 14. Nh3 Rac8 15. Bd2 a6 16. Rfd1 b5 17.
Be1 Na5 18. b3 Nc6 19. Rac1 Rfd8 20. Nf2 f5 21. c4 bxc4 22. bxc4 Qf7 23. d5 Nb4 24. a3 a5 25. axb4 cxb4 26. Qa2 Ra8 27. Qa4 Rdb8 28. c5 b3 29. Rb1 b2 30. d6 exd6 31.
cxd6 Rd8 32. Bxa5 1-0